cohdb
Replays
Latest Replays
All Replays
Popular Replays
Top Player Replays
Match Explorer
How It Works
Community
CoH3 Stats
Reddit
Sign in to upload your games and track your stats! →
Sign in with Steam
Match 43538959
Unlisted
Match 43538959
Overview
Messages
Build Orders
End
Construct Section Command Post
Selects Canadian Shock Battlegroup
Dingo Light Scout Car
Infantry Section
Infantry Section
Selects Offensive Resupply
Selects Canadian Shock Section
Canadian Shock Section
Construct Platoon Command Post
6-pounder Anti-tank Gun Team
Humber Armored Car
CMP 15cwt Truck
Light Vehicle Training
Royal Engineer Section
Vickers Machine Gun Team
Infantry Training
Dahlian
BUBBA_ACTUAL
JollyRedRockett
Wittman
BravoTwoZer0
RustyNails
0
0
Comments
sign in to comment!
No comments posted yet!